Map: Magannatha LE

Players

KimChiLoVer - Winner!

  • Race: Terran Terran
  • League: Diamond
  • Spawn Location: 11:00

VOD

Have the link to the VOD?

Description

Time

  • Played on: Sept. 8, 2025, 8:49 p.m.
  • Length: 15:58
Show
View Real Time Build Order
Export as new Build Order

KimChiLoVer Terran - Winner!

Build Orders:  

Get SALT Encoding   

  12  0:01  SCV  
  13  0:18  SCV  
  14  0:25  Supply Depot  
  14  0:35  SCV  
  15  0:55  SCV  
  15  0:56  Barracks  
  16  1:04  Refinery  
  16  1:13  SCV  
  17  1:31  SCV  
  18  2:05  Orbital Command  
  19  2:13  Reaper  
  19  2:26  Command Center  
  19  2:38  Supply Depot  
  19  2:44  SCV  
  20  3:01  SCV  
  20  3:06  Marine  
  22  3:23  Factory  
  22  3:34  Barracks Reactor  
  22  3:38  SCV  
  23  3:46  Command Center  
  23  4:00  SCV  
  24  4:10  Orbital Command  
  24  4:17  SCV  
  25  4:31  Barracks  
  25  4:33  Hellion  
  25  4:35  Hellion  
  25  4:36  Barracks Tech Lab  
  25  4:37  Stimpack  
  29  4:48  SCV  
  29  4:49  Refinery  
  30  4:57  SCV  
  31  5:04  Supply Depot  
  31  5:05  SCV  
  31  5:08  Marine  
  33  5:29  Starport, Orbital Command  
  33  5:34  Factory Reactor  
  33  5:44  SCV  
  33  5:48  SCV  
  35  6:01  SCV, Engineering Bay  
  35  6:05  SCV, Engineering Bay, Marine  
  35  6:06  Marine x2  
  40  6:21  SCV x2  
  40  6:25  Supply Depot  
  42  6:30  Marine  
  42  6:31  Marine x2  
  45  6:43  Refinery  
  45  6:45  Medivac x2  
  45  6:46  Factory Tech Lab, Refinery  
  49  6:55  SCV, Marine x2  
  49  6:57  SCV  
  53  7:01  Supply Depot  
  53  7:07  Marine  
  54  7:12  Unknown  
  52  7:34  Unknown  
  51  7:44  Marine x2  
  51  7:45  Unknown  
  51  7:47  Siege Tank  
  56  7:54  Barracks  
  56  7:56  Barracks  
  56  7:58  Barracks, Terran Infantry Weapons Level 1  
  56  8:06  SCV  
  56  8:07  Starport Reactor  
  57  8:23  SCV  
  57  8:26  Supply Depot  
  57  8:27  Supply Depot  
  57  8:29  Marine x2  
  60  8:38  Orbital Command  
  60  8:40  SCV  
  60  8:44  Marine  
  60  8:46  Siege Tank  
  65  8:50  Terran Infantry Armor Level 1  
  65  8:53  SCV  
  65  8:54  Marine  
  65  8:57  SCV  
  68  9:00  Medivac x2  
  72  9:11  Refinery  
  72  9:14  SCV  
  72  9:19  Refinery  
  73  9:24  Barracks Reactor  
  73  9:25  Supply Depot, Barracks Reactor  
  73  9:29  Barracks  
  73  9:31  Barracks, SCV  
  73  9:37  Marine x4  
  73  9:38  Barracks  
  78  9:48  SCV  
  73  9:56  Supply Depot  
  70  10:00  Marine  
  70  10:02  Marine x4  
  70  10:05  SCV  
  70  10:08  Medivac x2  
  80  10:11  Siege Tank  
  80  10:15  SCV  
  84  10:20  SCV  
  84  10:22  SCV  
  84  10:25  Marine  
  84  10:27  Marine x4  
  84  10:28  Marine  
  92  10:37  SCV  
  92  10:38  Supply Depot  
  93  10:42  Supply Depot  
  93  10:44  Siege Tank  
  93  10:49  Marine x3  
  99  10:54  SCV  
  99  10:56  Barracks Reactor x2  
  97  11:00  Marine  
  97  11:01  Marine x3  
  97  11:08  Medivac x2  
  97  11:09  Siege Tank  
  108  11:10  SCV  
  108  11:13  Barracks Reactor  
  109  11:26  Supply Depot  
  109  11:27  SCV  
  109  11:29  Supply Depot  
  110  11:31  Marine x2  
  110  11:32  Marine x6  
  110  11:34  Marine  
  119  11:44  SCV  
  119  11:47  Marine x3  
  119  11:48  Marine  
  124  11:52  SCV  
  124  11:56  Marine x2  
  124  11:57  Marine x2  
  124  11:59  Supply Depot  
  129  12:01  SCV  
  129  12:09  SCV  
  131  12:15  Siege Tank  
  131  12:16  Siege Tank x3  
  96  12:42  Marine x6  
  96  12:43  Marine x9  
  111  13:06  Marine  
  111  13:07  Marine x6  
  111  13:08  Marine x8  
  126  13:31  Marine  
  126  13:32  Marine x5  
  126  13:33  Marine  
  126  13:34  Marine x8  
  141  13:47  Siege Tank  
  141  13:48  Siege Tank  
  141  13:56  Marine  
  141  13:57  Marine x5  
  141  13:58  Marine  
  141  13:59  Marine x8  
  156  14:20  Siege Tank  
  156  14:21  Siege Tank, Marine  
  157  14:45  Marine  
  157  14:47  Marine  
  157  14:49  Marine  
  157  14:51  Marine  
  157  14:56  Marine  
  157  15:11  Unknown, Marine  
  157  15:17  Marine  
  157  15:29  Marine  
  157  15:31  Marine  
Tags
 
Add a new tag
Caveats
  • Supply blocks, unpowered buildings, or Contaminate may cause inaccurate times.
  • Supply counts are checked every 10 seconds.